PAAA
TORTOLITA DRUMMERS @ BAKERSFIELD NOBLES
06/07/2022
 
TOP OF THE 1ST
Tortolita Drummers batting - Pitching for Bakersfield Nobles : LHP Tomiji Saikawa
Pitching: LHP Tomiji Saikawa
Batting: SHB Mauro López 0-0: Called Strike
0-1: Ball
1-1: Ball
2-1: Bunt missed!
2-2: SINGLE (Line Drive, 89M)
Batting: RHB Ignacio Rodríguez 0-0: Ball
1-0: Called Strike
1-1: SINGLE (Groundball, 4MD)
Mauro López to second
Batting: RHB Lonnie Conrad 0-0: 3-RUN HOME RUN (Flyball, 7D), Distance : 378 ft
Batting: LHB Keith Spear 0-0: Swinging Strike
0-1: Ball
1-1: Ball
2-1: Foul Ball, location: 2F
2-2: Strikes out swinging
Batting: SHB Dan Godwin 0-0: Ground out 5-3 (Groundball, 56)
Batting: RHB Jim Harris 0-0: Fly out, F9 (Flyball, 9D)
Top of the 1st over - 3 run(s), 3 hit(s), 0 error(s), 0 left on base; Tortolita 3 - Bakersfield 0
BOTTOM OF THE 1ST
Bakersfield Nobles batting - Pitching for Tortolita Drummers : RHP Aaron Wise
Pitching: RHP Aaron Wise
Batting: SHB Jon Jenkins 0-0: Ball
1-0: Called Strike
1-1: Ball
2-1: Ground out U3 (Groundball, 3L)
Batting: LHB Mike Russell 0-0: Foul Ball, location: 2F
0-1: Ball
1-1: Ball
2-1: Ground out 4-3 (Groundball, 4)
Batting: LHB Jake Shelton 0-0: Called Strike
0-1: Called Strike
0-2: Strikes out looking
Bottom of the 1st over - 0 run(s), 0 hit(s), 0 error(s), 0 left on base; Tortolita 3 - Bakersfield 0
TOP OF THE 2ND
Tortolita Drummers batting - Pitching for Bakersfield Nobles : LHP Tomiji Saikawa
Batting: SHB Roger Wheeler 0-0: Called Strike
0-1: Foul Ball, location: 2F
0-2: Fly out, F1 (Popup, 3S)
Batting: LHB Raúl Andrade 0-0: Ball
1-0: Ball
2-0: Called Strike
2-1: Swinging Strike
2-2: Foul Ball, location: 2F
2-2: Ball
3-2: Strikes out swinging
Batting: SHB Cedric Fields 0-0: Foul Ball, location: 2F
0-1: Called Strike
0-2: Ball
1-2: Ball
2-2: Ball
3-2: Foul Ball, location: 2F
3-2: Foul Ball, location: 2F
3-2: SINGLE (Flyball, 7S)
Batting: SHB Mauro López 0-0: Ball
1-0: Called Strike
1-1: Swinging Strike
1-2: Ball
2-2: Fly out, F6 (Line Drive, 6)
Top of the 2nd over - 0 run(s), 1 hit(s), 0 error(s), 1 left on base; Tortolita 3 - Bakersfield 0
BOTTOM OF THE 2ND
Bakersfield Nobles batting - Pitching for Tortolita Drummers : RHP Aaron Wise
Batting: RHB Enrique Pérez 0-0: Foul Ball, location: 2F
0-1: Foul Ball, location: 2F
0-2: Ball
1-2: Ball
2-2: Ball
3-2: Ground out 6-3 (Groundball, 6)
Batting: RHB Lloyd Alberink 0-0: Ground out 5-3 (Groundball, 5)
Batting: RHB Dong-po Tien 0-0: SINGLE (Flyball, 9S)
Batting: RHB Abílio Conceio 0-0: Ball
1-0: Called Strike
1-1: Ball
2-1: Ground out 6-3 (Groundball, 6)
Bottom of the 2nd over - 0 run(s), 1 hit(s), 0 error(s), 1 left on base; Tortolita 3 - Bakersfield 0
TOP OF THE 3RD
Tortolita Drummers batting - Pitching for Bakersfield Nobles : LHP Tomiji Saikawa
Batting: RHB Ignacio Rodríguez 0-0: Swinging Strike
0-1: Foul Ball, location: 2F
0-2: Ball
1-2: Ground out 6-3 (Groundball, 56)
Batting: RHB Lonnie Conrad 0-0: Ball
1-0: Ball
2-0: Called Strike
2-1: Foul Ball, location: 2F
2-2: SINGLE (Line Drive, 56D)
Batting: LHB Keith Spear 0-0: Ball
Wild Pitch!
Lonnie Conrad to second
1-0: Called Strike
1-1: Swinging Strike
1-2: Fly out, F8 (Flyball, 8RS)
Batting: SHB Dan Godwin 0-0: Foul Ball, location: 2F
0-1: Hit by Pitch
Batting: RHB Jim Harris 0-0: Ball
1-0: Called Strike
1-1: Fly out, F9 (Flyball, 89S)
Top of the 3rd over - 0 run(s), 1 hit(s), 0 error(s), 2 left on base; Tortolita 3 - Bakersfield 0
BOTTOM OF THE 3RD
Bakersfield Nobles batting - Pitching for Tortolita Drummers : RHP Aaron Wise
Batting: LHB Luis Velázquez 0-0: Ball
1-0: Ground out 5-3 (Groundball, 5)
Batting: LHB Ricardo Miranda 0-0: Called Strike
0-1: Ball
1-1: Foul Ball, location: 2F
1-2: Ball
2-2: Foul Ball, location: 2F
2-2: Fly out, F9 (Flyball, 89M)
Batting: SHB Jon Jenkins 0-0: Ground out 4-3 (Groundball, 34)
Bottom of the 3rd over - 0 run(s), 0 hit(s), 0 error(s), 0 left on base; Tortolita 3 - Bakersfield 0
TOP OF THE 4TH
Tortolita Drummers batting - Pitching for Bakersfield Nobles : LHP Tomiji Saikawa
Batting: SHB Roger Wheeler 0-0: Foul Ball, location: 2F
0-1: Ball
1-1: Ball
2-1: Called Strike
2-2: Ball
3-2: Base on Balls
Batting: LHB Raúl Andrade 0-0: Ball
1-0: Ball
2-0: Ball
3-0: Called Strike
3-1: Swinging Strike
3-2: Strikes out swinging
Roger Wheeler is caught stealing 2nd base
Batter strikes out.
Batting: SHB Cedric Fields 0-0: Called Strike
0-1: Ball
1-1: Ground out 5-3 (Groundball, 56)
Top of the 4th over - 0 run(s), 0 hit(s), 0 error(s), 0 left on base; Tortolita 3 - Bakersfield 0
BOTTOM OF THE 4TH
Bakersfield Nobles batting - Pitching for Tortolita Drummers : RHP Aaron Wise
Batting: LHB Mike Russell 0-0: Fly out, F7 (Flyball, 78M)
Batting: LHB Jake Shelton 0-0: Ball
1-0: Foul Ball, location: 2F
1-1: Ball
2-1: Ball
3-1: Called Strike
3-2: Base on Balls
Batting: RHB Enrique Pérez 0-0: Ball
1-0: Swinging Strike
1-1: Grounds into double play, 5-4-3 (Groundball, 5L)
Bottom of the 4th over - 0 run(s), 0 hit(s), 0 error(s), 0 left on base; Tortolita 3 - Bakersfield 0
TOP OF THE 5TH
Tortolita Drummers batting - Pitching for Bakersfield Nobles : LHP Tomiji Saikawa
Batting: SHB Mauro López 0-0: Foul Ball, location: 2F
0-1: Ground out 3-1 (Groundball, 3)
Batting: RHB Ignacio Rodríguez 0-0: Called Strike
0-1: Fly out, F3 (Popup, 34)
Batting: RHB Lonnie Conrad 0-0: Called Strike
0-1: Foul Ball, location: 2F
0-2: Strikes out looking
Top of the 5th over - 0 run(s), 0 hit(s), 0 error(s), 0 left on base; Tortolita 3 - Bakersfield 0
BOTTOM OF THE 5TH
Bakersfield Nobles batting - Pitching for Tortolita Drummers : RHP Aaron Wise
Batting: RHB Lloyd Alberink 0-0: Ball
1-0: Fly out, F6 (Line Drive, 6)
Batting: RHB Dong-po Tien 0-0: Called Strike
0-1: Ball
1-1: Fly out, F6 (Popup, 6D)
Batting: RHB Abílio Conceio 0-0: SINGLE (Groundball, 34D)
Batting: LHB Luis Velázquez 0-0: Swinging Strike
0-1: Foul Ball, location: 2F
0-2: Strikes out swinging
Bottom of the 5th over - 0 run(s), 1 hit(s), 0 error(s), 1 left on base; Tortolita 3 - Bakersfield 0
TOP OF THE 6TH
Tortolita Drummers batting - Pitching for Bakersfield Nobles : LHP Tomiji Saikawa
Batting: LHB Keith Spear 0-0: Swinging Strike
0-1: Swinging Strike
0-2: Ball
1-2: Strikes out swinging
Batting: SHB Dan Godwin 0-0: Swinging Strike
0-1: Called Strike
0-2: Strikes out swinging
Batting: RHB Jim Harris 0-0: Called Strike
0-1: Swinging Strike
0-2: Strikes out swinging, 2-3 out at first.
Top of the 6th over - 0 run(s), 0 hit(s), 0 error(s), 0 left on base; Tortolita 3 - Bakersfield 0
BOTTOM OF THE 6TH
Bakersfield Nobles batting - Pitching for Tortolita Drummers : RHP Aaron Wise
Batting: LHB Ricardo Miranda 0-0: Foul Ball, location: 2F
0-1: Ball
1-1: Ball
2-1: Fly out, F6 (Popup, 5)
Batting: SHB Jon Jenkins 0-0: Swinging Strike
0-1: Foul Ball, location: 2F
0-2: Foul Ball, location: 2F
0-2: Fly out, F8 (Flyball, 8LM)
Batting: LHB Mike Russell 0-0: Foul Ball, location: 2F
0-1: Called Strike
0-2: Ball
1-2: Ball
2-2: Strikes out swinging
Bottom of the 6th over - 0 run(s), 0 hit(s), 0 error(s), 0 left on base; Tortolita 3 - Bakersfield 0
TOP OF THE 7TH
Tortolita Drummers batting - Pitching for Bakersfield Nobles : LHP Tomiji Saikawa
Batting: SHB Roger Wheeler 0-0: Foul Ball, location: 2F
0-1: Ball
1-1: Swinging Strike
1-2: Strikes out looking
Batting: LHB Raúl Andrade 0-0: Foul Ball, location: 2F
0-1: Foul Ball, location: 2F
0-2: Ball
1-2: Foul Ball, location: 2F
1-2: Ball
2-2: Ball
3-2: SINGLE (Groundball, 4MD)
Batting: SHB Cedric Fields 0-0: Ball
1-0: Grounds into double play, 6-4-3 (Groundball, 6M)
Top of the 7th over - 0 run(s), 1 hit(s), 0 error(s), 0 left on base; Tortolita 3 - Bakersfield 0
BOTTOM OF THE 7TH
Bakersfield Nobles batting - Pitching for Tortolita Drummers : RHP Aaron Wise
Batting: LHB Jake Shelton 0-0: Ball
1-0: Swinging Strike
1-1: Foul Ball, location: 2F
1-2: Ball
2-2: Ground out 6-3 (Groundball, 6M)
Batting: RHB Enrique Pérez 0-0: Called Strike
0-1: Ball
1-1: Ground out 5-3 (Groundball, 56S)
Batting: RHB Lloyd Alberink 0-0: Ball
1-0: Ball
2-0: Ball
3-0: Called Strike
3-1: Fly out, F9 (Flyball, 9M)
Bottom of the 7th over - 0 run(s), 0 hit(s), 0 error(s), 0 left on base; Tortolita 3 - Bakersfield 0
TOP OF THE 8TH
Tortolita Drummers batting - Pitching for Bakersfield Nobles : LHP Tomiji Saikawa
Batting: SHB Mauro López 0-0: Ball
1-0: Fly out, F4 (Popup, 3)
Pitching: RHP Alejandro Arteaga
Batting: RHB Ignacio Rodríguez 0-0: Fly out, F3 (Popup, 3F)
Batting: RHB Lonnie Conrad 0-0: Ball
1-0: Ball
2-0: Ball
3-0: Base on Balls
Batting: LHB Keith Spear 0-0: Ball
1-0: Ball
2-0: Ball
3-0: Called Strike
3-1: Swinging Strike
3-2: 2-RUN HOME RUN (Line Drive, 9D), Distance : 366 ft
Batting: SHB Dan Godwin 0-0: Foul Ball, location: 2F
0-1: Ball
1-1: Ball
2-1: Foul Ball, location: 2F
2-2: Fly out, F7 (Flyball, 78M)
Top of the 8th over - 2 run(s), 1 hit(s), 0 error(s), 0 left on base; Tortolita 5 - Bakersfield 0
BOTTOM OF THE 8TH
Bakersfield Nobles batting - Pitching for Tortolita Drummers : RHP Aaron Wise
Batting: RHB Dong-po Tien 0-0: SINGLE (Groundball, 6MD)
Batting: RHB Abílio Conceio 0-0: SINGLE (Flyball, 7LM)
Dong-po Tien to second
Batting: LHB Luis Velázquez 0-0: Called Strike
0-1: Foul Ball, location: 2F
0-2: Strikes out swinging
Batting: LHB Ricardo Miranda 0-0: Ball
1-0: Ball
2-0: Called Strike
2-1: Swinging Strike
2-2: Strikes out swinging
Batting: SHB Jon Jenkins 0-0: Ball
1-0: Called Strike
1-1: Swinging Strike
1-2: Strikes out looking
Bottom of the 8th over - 0 run(s), 2 hit(s), 0 error(s), 2 left on base; Tortolita 5 - Bakersfield 0
TOP OF THE 9TH
Tortolita Drummers batting - Pitching for Bakersfield Nobles : RHP Alejandro Arteaga
Now in CF: Ron Gérard
Batting: RHB Jim Harris 0-0: Ball
1-0: Ball
2-0: Called Strike
2-1: Fly out, F5 (Popup, 25F)
Batting: SHB Roger Wheeler 0-0: Called Strike
0-1: Swinging Strike
0-2: Foul Ball, location: 2F
0-2: Ball
1-2: Foul Ball, location: 2F
1-2: Strikes out swinging
Batting: LHB Raúl Andrade 0-0: Ball
1-0: Foul Ball, location: 2F
1-1: Swinging Strike
1-2: Foul Ball, location: 2F
1-2: Foul Ball, location: 2F
1-2: Ball
2-2: Strikes out swinging
Top of the 9th over - 0 run(s), 0 hit(s), 0 error(s), 0 left on base; Tortolita 5 - Bakersfield 0
BOTTOM OF THE 9TH
Bakersfield Nobles batting - Pitching for Tortolita Drummers : RHP Aaron Wise
Pitching: LHP Hildebrand Claessens
Batting: LHB Mike Russell 0-0: Ball
1-0: Fly out, F7 (Flyball, 78S)
Batting: LHB Jake Shelton 0-0: Ball
1-0: Foul Ball, location: 2F
1-1: Ball
2-1: Foul Ball, location: 2F
2-2: SINGLE (Groundball, 34D)
Batting: RHB Enrique Pérez 0-0: Ball
1-0: Called Strike
1-1: Ball
2-1: Ball
3-1: Called Strike
3-2: Fly out, F7 (Flyball, 8LM)
Batting: RHB Lloyd Alberink 0-0: Foul Ball, location: 2F
0-1: Ball
1-1: Ground out 4-3 (Groundball, 4)
Bottom of the 9th over - 0 run(s), 1 hit(s), 0 error(s), 1 left on base; Tortolita 5 - Bakersfield 0
This league is powered by Out of the Park Baseball, the baseball management simulation game for PC, Mac and Linux
Friday, April 15th, 2016 - OOTP Baseball 16.9 Build 39